PAA
MYRTLE BEACH MERMEN @ MERCER ISLAND SCREAMING EAGLES
07/30/2020
 
TOP OF THE 1ST
Myrtle Beach Mermen batting - Pitching for Mercer Island Screaming Eagles : LHP Carlos Sánchez
Pitching: LHP Carlos Sánchez
Batting: RHB Scott Peterson 0-0: Called Strike
0-1: Ball
1-1: Foul Ball, location: 2F
1-2: Ball
2-2: Ball
3-2: Strikes out swinging
Batting: RHB Mike Fleming 0-0: Ball
1-0: Called Strike
1-1: SINGLE (Flyball, 6MD)
Batting: RHB Oliver Aranda 0-0: Swinging Strike
0-1: SINGLE (Groundball, 4MD)
Mike Fleming to second
Batting: SHB Carlos Carranza 0-0: Ball
1-0: Foul Ball, location: 2F
1-1: SINGLE (Flyball, 8RS)
Mike Fleming to third
Oliver Aranda to second
Runner from 3rd tries for Home, SAFE, throw made home
Oliver Aranda to third
Carlos Carranza to second
Batting: RHB Álex Rodríguez 0-0: Fly out, F6 (Line Drive, 6)
0-0: Lined into DP, 6-4 (Line Drive, 6)
Top of the 1st over - 1 run(s), 3 hit(s), 0 error(s), 1 left on base; Myrtle Beach 1 - Mercer Island 0
BOTTOM OF THE 1ST
Mercer Island Screaming Eagles batting - Pitching for Myrtle Beach Mermen : LHP Jason Puckett
Pitching: LHP Jason Puckett
Batting: LHB Mike Russell 0-0: Foul Ball, location: 2F
0-1: Foul Ball, location: 2F
0-2: Ball
1-2: Ground out 4-3 (Groundball, 4M)
Batting: RHB Luis Rodríguez 0-0: Ball
1-0: Ball
2-0: Called Strike
2-1: Ball
3-1: Base on Balls
Batting: SHB Mauro López 0-0: Ball
1-0: Swinging Strike
1-1: Ball
2-1: Fly out, F7 (Flyball, 7LM)
Batting: LHB Nelson Plasenia 0-0: Fly out, F7 (Flyball, 7LM)
Bottom of the 1st over - 0 run(s), 0 hit(s), 0 error(s), 1 left on base; Myrtle Beach 1 - Mercer Island 0
TOP OF THE 2ND
Myrtle Beach Mermen batting - Pitching for Mercer Island Screaming Eagles : LHP Carlos Sánchez
Batting: LHB Steven Johnstone 0-0: Ball
1-0: Foul Ball, location: 2F
1-1: Foul Ball, location: 2F
1-2: Strikes out swinging
Batting: RHB José Caballero 0-0: Ball
1-0: Foul Ball, location: 2F
1-1: Ball
2-1: Foul Ball, location: 2F
2-2: Strikes out swinging
Batting: SHB Val Brown 0-0: Called Strike
0-1: Ball
1-1: Swinging Strike
1-2: Strikes out swinging
Top of the 2nd over - 0 run(s), 0 hit(s), 0 error(s), 0 left on base; Myrtle Beach 1 - Mercer Island 0
BOTTOM OF THE 2ND
Mercer Island Screaming Eagles batting - Pitching for Myrtle Beach Mermen : LHP Jason Puckett
Batting: SHB Ray Davis 0-0: Foul Ball, location: 2F
0-1: SINGLE (Groundball, 6D) (infield hit)
Batting: RHB Vincente Flores 0-0: Foul Ball, location: 2F
0-1: Ball
1-1: SINGLE (Line Drive, 8LS)
Ray Davis to second
Batting: LHB Tom Smith 0-0: Ball
1-0: Called Strike
1-1: Foul Ball, location: 2F
1-2: Strikes out swinging
Batting: RHB Luis Jiménez 0-0: Called Strike
0-1: Foul Ball, location: 2F
0-2: Ball
1-2: SINGLE (Line Drive, 9LM)
Ray Davis to third
Vincente Flores to second
Runner from 3rd tries for Home, SAFE, throw made home
Vincente Flores to third
Luis Jiménez to second
Batting: SHB Stephen Yates 0-0: Called Strike
0-1: Ball
1-1: Called Strike
1-2: Ball
2-2: SINGLE (Groundball, 6MD)
Vincente Flores scores
Luis Jiménez to third
Batting: LHB Mike Russell 0-0: Called Strike
0-1: Ball
1-1: Foul Ball, location: 2F
1-2: Fly out, F8 (Flyball, 8LD)
Runner from 3rd tags up, SCORES, no throw
Batting: RHB Luis Rodríguez 0-0: Called Strike
Pickoff Throw by Catcher to First - Out!
Bottom of the 2nd over - 3 run(s), 4 hit(s), 0 error(s), 0 left on base; Myrtle Beach 1 - Mercer Island 3
TOP OF THE 3RD
Myrtle Beach Mermen batting - Pitching for Mercer Island Screaming Eagles : LHP Carlos Sánchez
Batting: RHB Jeff Minter 0-0: Ball
1-0: Swinging Strike
1-1: Ball
2-1: Foul Ball, location: 2F
2-2: Ball
3-2: Strikes out looking
Batting: RHB Scott Peterson 0-0: Ball
1-0: Foul Ball, location: 2F
1-1: Foul Ball, location: 2F
1-2: Foul Ball, location: 2F
1-2: Ball
2-2: Foul Ball, location: 2F
2-2: Ball
3-2: Foul Ball, location: 2F
3-2: Foul Ball, location: 2F
3-2: Foul Ball, location: 2F
3-2: Foul Ball, location: 2F
3-2: Foul Ball, location: 2F
3-2: Foul Ball, location: 2F
3-2: Foul Ball, location: 2F
3-2: Ground out 6-3 (Groundball, 6M)
Batting: RHB Mike Fleming 0-0: Called Strike
0-1: Ball
1-1: Fly out, F4 (Line Drive, 4)
Top of the 3rd over - 0 run(s), 0 hit(s), 0 error(s), 0 left on base; Myrtle Beach 1 - Mercer Island 3
BOTTOM OF THE 3RD
Mercer Island Screaming Eagles batting - Pitching for Myrtle Beach Mermen : LHP Jason Puckett
Batting: RHB Luis Rodríguez 0-0: Foul Ball, location: 2F
0-1: Ball
1-1: Foul Ball, location: 2F
1-2: SINGLE (Groundball, 56D)
Batting: SHB Mauro López 0-0: Ball
1-0: Called Strike
1-1: Ball
2-1: Swinging Strike
2-2: Strikes out swinging
Batting: LHB Nelson Plasenia 0-0: Ball
1-0: Foul Ball, location: 2F
1-1: Ground out U3 (Groundball, 3S)
Luis Rodríguez to second
Batting: SHB Ray Davis 0-0: Foul Ball, location: 2F
0-1: Foul Ball, location: 2F
0-2: Ball
1-2: Foul Ball, location: 2F
1-2: Foul Ball, location: 2F
1-2: Ball
2-2: Foul Ball, location: 2F
2-2: Ground out 5-3 (Groundball, 5S)
Bottom of the 3rd over - 0 run(s), 1 hit(s), 0 error(s), 1 left on base; Myrtle Beach 1 - Mercer Island 3
TOP OF THE 4TH
Myrtle Beach Mermen batting - Pitching for Mercer Island Screaming Eagles : LHP Carlos Sánchez
Batting: RHB Oliver Aranda 0-0: Called Strike
0-1: Ball
1-1: SINGLE (Flyball, 7S)
Batting: SHB Carlos Carranza 0-0: Called Strike
0-1: Ball
1-1: Fielders Choice at 2nd, 5-4 (Groundball, 5L)
Batting: RHB Álex Rodríguez 0-0: Grounds into double play, 5-4-3 (Groundball, 5)
Top of the 4th over - 0 run(s), 1 hit(s), 0 error(s), 0 left on base; Myrtle Beach 1 - Mercer Island 3
BOTTOM OF THE 4TH
Mercer Island Screaming Eagles batting - Pitching for Myrtle Beach Mermen : LHP Jason Puckett
Batting: RHB Vincente Flores 0-0: Fly out, F9 (Flyball, 9S)
Batting: LHB Tom Smith 0-0: Foul Ball, location: 2F
0-1: Foul Ball, location: 2F
0-2: Ball
1-2: Foul Ball, location: 2F
1-2: Strikes out swinging
Batting: RHB Luis Jiménez 0-0: Called Strike
0-1: Ball
1-1: Foul Ball, location: 2F
1-2: Ground out U3 (Groundball, 3)
Bottom of the 4th over - 0 run(s), 0 hit(s), 0 error(s), 0 left on base; Myrtle Beach 1 - Mercer Island 3
TOP OF THE 5TH
Myrtle Beach Mermen batting - Pitching for Mercer Island Screaming Eagles : LHP Carlos Sánchez
Batting: LHB Steven Johnstone 0-0: Called Strike
0-1: Fly out, F8 (Line Drive, 8LD)
Batting: RHB José Caballero 0-0: Foul Ball, location: 2F
0-1: Foul Ball, location: 2F
0-2: Strikes out swinging
Batting: SHB Val Brown 0-0: Ball
1-0: Swinging Strike
1-1: Swinging Strike
1-2: Foul Ball, location: 2F
1-2: Foul Ball, location: 2F
1-2: Ball
2-2: Ball
3-2: Strikes out looking
Top of the 5th over - 0 run(s), 0 hit(s), 0 error(s), 0 left on base; Myrtle Beach 1 - Mercer Island 3
BOTTOM OF THE 5TH
Mercer Island Screaming Eagles batting - Pitching for Myrtle Beach Mermen : LHP Jason Puckett
Batting: SHB Stephen Yates 0-0: Called Strike
0-1: Foul Ball, location: 2F
0-2: Hit by Pitch
Batting: LHB Mike Russell 0-0: Sac Bunt - play at first, batter OUT! 5-3
Stephen Yates to second
Batting: RHB Luis Rodríguez 0-0: Ball
1-0: Ball
2-0: Called Strike
2-1: Fly out, F7 (Flyball, 8LM)
Batting: SHB Mauro López 0-0: Ball
1-0: Ball
2-0: SINGLE (Line Drive, 34D)
Stephen Yates to third
Runner from 3rd tries for Home, SAFE, no throw or cutoff
Batting: LHB Nelson Plasenia 0-0: Ball
1-0: Foul Ball, location: 2F
1-1: Ball
2-1: Swinging Strike
2-2: Ball
3-2: Foul Ball, location: 2F
3-2: Ground out 1-3 (Groundball, 15)
Bottom of the 5th over - 1 run(s), 1 hit(s), 0 error(s), 1 left on base; Myrtle Beach 1 - Mercer Island 4
TOP OF THE 6TH
Myrtle Beach Mermen batting - Pitching for Mercer Island Screaming Eagles : LHP Carlos Sánchez
Batting: RHB Jeff Minter 0-0: Swinging Strike
0-1: Called Strike
0-2: Foul Ball, location: 2F
0-2: Ball
1-2: Ball
2-2: Strikes out swinging
Batting: RHB Scott Peterson 0-0: Swinging Strike
0-1: Ball
1-1: Ball
2-1: Called Strike
2-2: Strikes out swinging
Batting: RHB Mike Fleming 0-0: Fly out, F8 (Flyball, 8LM)
Top of the 6th over - 0 run(s), 0 hit(s), 0 error(s), 0 left on base; Myrtle Beach 1 - Mercer Island 4
BOTTOM OF THE 6TH
Mercer Island Screaming Eagles batting - Pitching for Myrtle Beach Mermen : LHP Jason Puckett
Batting: SHB Ray Davis 0-0: Ball
1-0: Called Strike
1-1: Ball
2-1: Ball
3-1: Foul Ball, location: 2F
3-2: SINGLE (Line Drive, 78S)
Batting: RHB Vincente Flores 0-0: Sac Bunt - play at first, batter OUT! 3-4
Ray Davis to second
Batting: LHB Tom Smith 0-0: Ball
1-0: Ball
2-0: Called Strike
2-1: Foul Ball, location: 2F
2-2: Foul Ball, location: 2F
2-2: Ball
3-2: Foul Ball, location: 2F
3-2: Fly out, F6 (Popup, 6MD)
Batting: RHB Luis Jiménez 0-0: Ball
1-0: Fly out, F6 (Popup, 7LS)
Bottom of the 6th over - 0 run(s), 1 hit(s), 0 error(s), 1 left on base; Myrtle Beach 1 - Mercer Island 4
TOP OF THE 7TH
Myrtle Beach Mermen batting - Pitching for Mercer Island Screaming Eagles : LHP Carlos Sánchez
Batting: RHB Oliver Aranda 0-0: Ball
1-0: Called Strike
1-1: Foul Ball, location: 2F
1-2: Ball
2-2: SINGLE (Groundball, 13) (infield hit)
Batting: SHB Carlos Carranza 0-0: Ball
1-0: Foul Ball, location: 2F
1-1: Foul Ball, location: 2F
1-2: Ball
Oliver Aranda steals 2nd base
2-2: Ball
3-2: Strikes out looking
Batting: RHB Álex Rodríguez 0-0: Called Strike
Oliver Aranda is caught stealing 3rd base
0-1: Swinging Strike
0-2: SINGLE (Line Drive, 34)
Batting: LHB Steven Johnstone 0-0: Foul Ball, location: 2F
0-1: Swinging Strike
0-2: Ball
1-2: Ball
2-2: Strikes out swinging
Top of the 7th over - 0 run(s), 2 hit(s), 0 error(s), 1 left on base; Myrtle Beach 1 - Mercer Island 4
BOTTOM OF THE 7TH
Mercer Island Screaming Eagles batting - Pitching for Myrtle Beach Mermen : LHP Jason Puckett
Batting: SHB Stephen Yates 0-0: Hit by Pitch
Batting: LHB Mike Russell 0-0: Sac Bunt - play at first, batter OUT! 5-3
Stephen Yates to second
Batting: RHB Luis Rodríguez 0-0: Called Strike
0-1: Ball
1-1: Foul Ball, location: 2F
1-2: Ball
2-2: Fly out, F9 (Flyball, 8RM)
Batting: SHB Mauro López 0-0: Ball
1-0: Ball
2-0: Ball
3-0: Called Strike
3-1: Called Strike
3-2: Strikes out swinging
Bottom of the 7th over - 0 run(s), 0 hit(s), 0 error(s), 1 left on base; Myrtle Beach 1 - Mercer Island 4
TOP OF THE 8TH
Myrtle Beach Mermen batting - Pitching for Mercer Island Screaming Eagles : LHP Carlos Sánchez
Batting: RHB José Caballero 0-0: Ball
1-0: Ball
2-0: Fly out, F2 (Popup, 2RF)
Batting: SHB Val Brown 0-0: Swinging Strike
0-1: Ball
1-1: Ball
2-1: Called Strike
2-2: Foul Ball, location: 2F
2-2: Fly out, F4 (Popup, 4M)
Batting: RHB Jeff Minter 0-0: Ball
1-0: Foul Ball, location: 2F
1-1: Called Strike
1-2: SINGLE (Line Drive, 8LS)
Batting: RHB Scott Peterson 0-0: Ball
1-0: Foul Ball, location: 2F
1-1: Ground out 6-3 (Groundball, 6)
Top of the 8th over - 0 run(s), 1 hit(s), 0 error(s), 1 left on base; Myrtle Beach 1 - Mercer Island 4
BOTTOM OF THE 8TH
Mercer Island Screaming Eagles batting - Pitching for Myrtle Beach Mermen : LHP Jason Puckett
Batting: LHB Nelson Plasenia 0-0: Ball
1-0: Ball
2-0: DOUBLE (Flyball, 7LS)
Batting: SHB Ray Davis 0-0: Intentional Walk
Pitching: RHP Jim Unknown
Batting: RHB Vincente Flores 0-0: Ball
1-0: Sac Bunt - play at first, batter OUT! 1-3
Nelson Plasenia to third
Ray Davis to second
Batting: LHB Tom Smith 0-0: Intentional Walk
Batting: RHB Luis Jiménez 0-0: SINGLE (Groundball, 6M)
Nelson Plasenia scores
Ray Davis to third
Tom Smith to second
Batting: SHB Stephen Yates 0-0: Ball
1-0: Foul Ball, location: 2F
1-1: Fly out, F3 (Popup, 3F)
Batting: LHB Mike Russell 0-0: Ball
1-0: Ball
2-0: Ball
3-0: Swinging Strike
3-1: Foul Ball, location: 2F
3-2: Ground out 4-3 (Groundball, 4)
Bottom of the 8th over - 1 run(s), 2 hit(s), 0 error(s), 3 left on base; Myrtle Beach 1 - Mercer Island 5
TOP OF THE 9TH
Myrtle Beach Mermen batting - Pitching for Mercer Island Screaming Eagles : LHP Carlos Sánchez
Batting: RHB Mike Fleming 0-0: Called Strike
0-1: Ball
1-1: Ball
2-1: Fly out, F9 (Flyball, 89M)
Pitching: LHP Jim Unknown
Batting: RHB Oliver Aranda 0-0: Ball
1-0: Ball
2-0: Ball
3-0: Called Strike
3-1: Swinging Strike
3-2: Ground out 6-3 (Groundball, 6M)
Batting: SHB Carlos Carranza 0-0: SINGLE (Line Drive, 6MD)
Batting: RHB Álex Rodríguez 0-0: Called Strike
0-1: Fly out, F9 (Flyball, 89XD)
Top of the 9th over - 0 run(s), 1 hit(s), 0 error(s), 1 left on base; Myrtle Beach 1 - Mercer Island 5
This league is powered by Out of the Park Baseball, the baseball management simulation game for PC, Mac and Linux
Friday, October 23rd, 2015 - OOTP Baseball 16.9 Build 39